 Dungeon Crawl Stone Soup version 0.18.1-50-g88ac8fd (webtiles) character file.

84 Gargoyl the Skirmisher (level 4, -2/37 HPs)
             Began as a Demonspawn Abyssal Knight on Sept 18, 2016.
             Was a Believer of Lugonu.
             Slain by a gnoll
             ... wielding a +0 flail
              (12 damage)
             ... on level 2 of the Dungeon.
             The game lasted 00:03:45 (1776 turns).

Gargoyl the Skirmisher (Demonspawn Abyssal Knight)  Turns: 1776, Time: 00:03:45

Health: -2/37      AC:  3    Str: 14    XL:     4   Next: 24%
Magic:  5/5        EV: 12    Int: 13    God:    Lugonu [**....]
Gold:   96         SH:  2    Dex: 12    Spells: 0 memorised, 3 levels left

rFire  . . .     SeeInvis .     a - +1 hand axe
rCold  . . .     Gourm    .     b - +0 leather armour
rNeg   . . .     Faith    .     (no shield)
rPois  .         Spirit   .     (no helmet)
rElec  .         Dismiss  .     (no cloak)
rCorr  .         Reflect  +     (no gloves)
SustAt .         Harm     .     (no boots)
MR     .....                    e - +2 amulet of reflection
Stlth  +.........               (no ring)
                                (no ring)

@: not resistant to hostile enchantments, very unstealthy
A: claws 1, powered by death 1
a: Depart the Abyss, Bend Space, Renounce Religion


You were on level 2 of the Dungeon.
You worshipped Lugonu.
Lugonu was pleased with you.
You were not hungry.

You visited 1 branch of the dungeon, and saw 2 of its levels.
You visited the Abyss 1 time.

You collected 96 gold pieces.

Inventory:

Hand Weapons
 a - a +1 hand axe (weapon)
Armour
 b - a +0 leather armour (worn)
Jewellery
 e - a +2 amulet of reflection (around neck)
Scrolls
 f - 3 scrolls of remove curse {unknown}
 g - 3 scrolls of immolation {unknown}
 h - 2 scrolls of identify {unknown}
 i - a scroll of blinking {unknown}
 l - a scroll of teleportation {unknown}
Potions
 d - a potion of ambrosia {unknown}
 j - a potion of agility {unknown}
 k - a potion of lignification {unknown}
 m - a potion of cure mutation {unknown}
 n - a potion of curing {unknown}
 o - a potion of resistance {unknown}
 p - a potion of degeneration {unknown}
Comestibles
 c - 2 bread rations
 q - 2 fruits


   Skills:
 + Level 4.0 Fighting
 + Level 2.2 Axes
 + Level 2.2 Armour
 + Level 2.0 Dodging
 + Level 0.2 Stealth
 + Level 2.4 Invocations


You had 3 spell levels left.
You didn't know any spells.

Dungeon Overview and Level Annotations

Branches:
Dungeon (2/15)

Altars:
Cheibriados
Elyvilon
Fedhas
Gozag
Makhleb
Pakellas
Trog
Vehumet


Innate Abilities, Weirdness & Mutations

You have sharp fingernails.
You regenerate a little health from kills.


Message History

Lugonu accepts your kill.
Your Dodging skill increases to level 2!
A gnoll comes into view. It is wielding a flail.
Things that are here:
a flail; a gnoll corpse You butcher the gnoll corpse.
Things that are here:
a flail; 2 chunks of flesh You hit the gnoll.
The gnoll is lightly wounded.
The gnoll hits you with a flail.
* * * LOW HITPOINT WARNING * * *
You barely miss the gnoll.
The gnoll is lightly wounded.
The gnoll closely misses you.
You closely miss the gnoll.
The gnoll is lightly wounded.
You feel less regenerative. The gnoll hits you with a flail!
You die...

... .# ####.# .# .... .....###.#
.## .#.. ......... .... ...
#...##.# #...###.# .#.. #
#...##.# #....##.# ....
.#.#.#...##.####.<...... #.#
...............#..#..... # #
#....g@.)._...........# # #...##
#.#.##.._.$._.#..##.... # #....
#................. ###...#
#._..8.._......... .##...# #
##.........#(##.... .##...#
.#.#.###._..._.##.†.†...
.##..####.#........._............
..........................)##...#
.....†......##.####........##...#


You could see a gnoll.

Vanquished Creatures
  3 adders (D:2)
  A gnoll (D:2)
  A worm (D:2)
  2 dart slugs (D:2)
  2 giant geckos (D:1)
  8 bats
  A giant cockroach (D:2)
  7 goblins
  3 hobgoblins
  3 jackals (D:2)
  4 kobolds
  9 rats
44 creatures vanquished.

Vanquished Creatures (others)
  4 starspawn tentacles (Abyss:2)
4 creatures vanquished.

Grand Total: 48 creatures vanquished

Notes
Turn   | Place    | Note
--------------------------------------------------------------
     0 | Abyss:1  | Gargoyl the Demonspawn Abyssal Knight began the quest for the Orb.
     0 | Abyss:1  | Reached XP level 1. HP: 18/18 MP: 2/2
   156 | Abyss:2  | Noticed a tentacled starspawn
   170 | Abyss:2  | Noticed a shadow
   178 | D:1      | Escaped the Abyss
   207 | D:1      | Reached * piety under Lugonu
   307 | D:1      | Reached skill level 1 in Dodging
   360 | D:1      | Gained mutation: You regenerate a little health from kills. [demonic ancestry]
   360 | D:1      | Reached XP level 2. HP: 14/24 MP: 3/3
  1158 | D:2      | Reached XP level 3. HP: 18/29 MP: 4/4
  1237 | D:2      | Reached ** piety under Lugonu
  1718 | D:2      | Found a burning altar of Makhleb.
  1719 | D:2      | Found a blossoming altar of Fedhas.
  1721 | D:2      | Found an oddly glowing altar of Pakellas.
  1721 | D:2      | Found a radiant altar of Vehumet.
  1721 | D:2      | Found a snail-covered altar of Cheibriados.
  1733 | D:2      | Reached skill level 4 in Fighting
  1733 | D:2      | Gained mutation: You have sharp fingernails. [demonic ancestry]
  1733 | D:2      | Reached XP level 4. HP: 24/37 MP: 5/5
  1753 | D:2      | Found a white marble altar of Elyvilon.
  1753 | D:2      | Found an opulent altar of Gozag.
  1754 | D:2      | Found a bloodstained altar of Trog.
  1776 | D:2      | Slain by a gnoll

Skill      XL: |  1  2  3  4 |
---------------+-------------+-----
Axes           | 2 |  2.2
Dodging        | 1 2 |  2.0
Armour         | 2 |  2.2
Fighting       | 4 |  4.0
Stealth        | |  0.2
Invocations    | |  2.4

Action                   |  1- 3 |  4- 6 || total
-------------------------+-------+-------++-------
Melee: Hand axe          |   146 |    20 ||   166
Invok: Depart the Abyss  |     1 |       ||     1
  Eat: Chunk             |     3 |       ||     3
Armor: Leather armour    |    59 |     2 ||    61
Dodge: Dodged            |   109 |    11 ||   120
Block: Other             |    14 |     1 ||    15
       Reflection        |     1 |       ||     1
